 Dungeon Crawl Stone Soup version 0.22-a0-358-g7563fe7 (webtiles) character file.

949 Gildeon the Magician (level 7, -3/40 HPs)
             Began as a Deep Elf Fire Elementalist on Apr 18, 2018.
             Slain by a yak (12 damage)
             ... on level 5 of the Dungeon.
             The game lasted 00:27:34 (3428 turns).

Gildeon the Magician (Deep Elf Fire Elementalist)   Turns: 3428, Time: 00:27:35

Health: -3/40      AC:  9    Str:  5    XL:     7   Next: 89%
Magic:  1/16       EV: 13    Int: 22    God:
Gold:   141        SH:  0    Dex: 15    Spells: 3/16 levels left

rFire    . . .     SeeInvis .   m - +0 short sword (drain)
rCold    . . .     Gourm    .   (no shield)
rNeg     . . .     Faith    .   a - +0 robe
rPois    .         Spirit   .   l - +0 helmet
rElec    .         Reflect  .   g - +0 cloak
rCorr    .         Harm     .   (no gloves)
MR       .....                  e - +1 pair of boots
Stlth    +++.......             (no amulet)
HPRegen  0.13/turn              d - +3 ring of protection
MPRegen  0.15/turn              h - ring of stealth

@: no status effects
A: no striking features
a: no special abilities


You were on level 5 of the Dungeon.
You were not hungry.

You visited 1 branch of the dungeon, and saw 5 of its levels.

You collected 141 gold pieces.

Inventory:

Hand Weapons
 m - a +0 short sword of draining (weapon)
Missiles
 i - 192 stones (quivered)
Armour
 a - a +0 robe (worn)
 e - a +1 pair of boots (worn)
 g - a +0 cloak (worn)
 l - a +0 helmet (worn)
Jewellery
 d - a +3 ring of protection (left hand)
 h - a ring of stealth (right hand)
Wands
 n - a wand of flame (2)
Scrolls
 f - a scroll of fear
 j - a scroll of remove curse
Potions
 b - a potion of heal wounds
 o - a potion of magic {unknown}
 q - a potion of brilliance
Comestibles
 c - 9 rations


   Skills:
 - Level 2.9 Fighting
 + Level 2.1 Armour
 - Level 2.4 Dodging
 - Level 3.3 Stealth
 - Level 5.0 Spellcasting
 - Level 3.0 Conjurations
 - Level 4.1 Hexes
 - Level 5.0 Fire Magic
 - Level 3.8 Evocations


You had 3 spell levels left.
You knew the following spells:

 Your Spells              Type           Power        Failure   Level  Hunger
a - Flame Tongue          Conj/Fire      ###..        1%          1    None
b - Throw Flame           Conj/Fire      ###...       3%          2    None
c - Conjure Flame         Conj/Fire      ###.....     6%          3    ##.....
d - Inner Flame           Hex/Fire       ####....     4%          3    ##.....
e - Sticky Flame          Conj/Fire      ###.....     19%         4    ####...


Dungeon Overview and Level Annotations

Branches:
Dungeon (5/15)
 Temple: D:4-7

Altars:
Uskayaw


Message History

The yak gores you.
Casting: Flame Tongue (safe; 1% risk of failure)
Confirm with . or Enter, or press ? or * to list all spells.
Aiming: Flame Tongue (safe; 1% risk of failure)
Press: ? - help, Shift-Dir - straight line, f/p - yak
Aim: a yak (moderately wounded)
The flame tongue hits the yak.
The yak appears unharmed.
The yak is moderately wounded.
The yak closely misses you.
Casting: Flame Tongue (safe; 1% risk of failure)
Confirm with . or Enter, or press ? or * to list all spells.
Aiming: Flame Tongue (safe; 1% risk of failure)
Press: ? - help, Shift-Dir - straight line, f/p - yak
Aim: a yak (moderately wounded)
The flame tongue hits the yak.
The yak is heavily wounded.
The yak gores you!
* * * LOW HITPOINT WARNING * * *
The yak gores you!
You die...

########
##......###
##.........#
#....8.8.8.#
#)..@.......
#...YY......
#...#.%.....
#...#_).....
##..#.Y.....
#.....)...#
...........
#....8.8.8..
....Y....


You could see 3 yaks.

Vanquished Creatures
  2 yaks (D:5)
  2 sky beasts
  2 phantoms
  A howler monkey (D:4)
  A bullfrog skeleton (D:3)
  A hound (D:4)
  An iguana (D:4)
  Robin (D:3)
  4 gnolls (D:3)
  5 adders
  3 oozes
  A worm (D:2)
  5 leopard geckos
  5 orcs
  6 bats
  5 giant cockroaches
  11 goblins
  9 hobgoblins
  4 jackals (D:2)
  3 kobolds
  3 quokkas
  A ball python (D:3)
  3 frilled lizards
  A quokka skeleton (D:4)
  7 rats
87 creatures vanquished.

Vanquished Creatures (others)
  A hobgoblin (D:3)
1 creature vanquished.

Grand Total: 88 creatures vanquished

Notes
Turn   | Place    | Note
-------+----------+-------------------------------------------
     0 | D:1      | Gildeon the Deep Elf Fire Elementalist began the quest for the Orb.
     0 | D:1      | Reached XP level 1. HP: 10/10 MP: 6/6
   177 | D:1      | Reached XP level 2. HP: 15/15 MP: 3/9
   181 | D:1      | Learned a level 2 spell: Throw Flame
   797 | D:2      | Reached XP level 3. HP: 19/19 MP: 8/11
   800 | D:2      | Reached skill level 5 in Spellcasting
   805 | D:2      | Learned a level 3 spell: Conjure Flame
   809 | D:2      | Learned a level 3 spell: Inner Flame
  1352 | D:2      | Reached XP level 4. HP: 24/24 MP: 10/13
  1372 | D:2      | Learned a level 4 spell: Sticky Flame
  1632 | D:3      | Noticed Robin
  1646 | D:3      | Killed Robin
  1942 | D:3      | Reached skill level 5 in Fire Magic
  1983 | D:3      | Reached XP level 5. HP: 28/28 MP: 7/14
  2490 | D:4      | Reached skill level 1 in Hexes
  2602 | D:4      | Noticed a phantom
  2614 | D:4      | Killed a phantom
  2614 | D:4      | Reached XP level 6. HP: 32/32 MP: 15/15
  3080 | D:5      | Entered Level 5 of the Dungeon
  3080 | D:5      | Noticed a sky beast
  3094 | D:4      | Killed a sky beast
  3182 | D:5      | Noticed a sky beast
  3199 | D:5      | Killed a sky beast
  3199 | D:5      | Reached XP level 7. HP: 29/40 MP: 16/16
  3223 | D:5      | Noticed a yak
  3271 | D:5      | Noticed a yak
  3274 | D:5      | Noticed a yak
  3367 | D:5      | Noticed a yak
  3368 | D:5      | Noticed a yak
  3376 | D:5      | Killed a yak
  3417 | D:5      | Found a hide-covered altar of Uskayaw.
  3424 | D:5      | Killed a yak
  3428 | D:5      | Slain by a yak

Vault maps used:
D:1:      roderic_crop_circles_arrival_small, minmay_misc_feat_cross
D:3:      uniq_robin
D:4:      serial_bayou_ford_a
D:5:      eat_drink_and_be_merry_uskayaw, nicolae_overflow_hidden_temple,
          temple_hall, serial_shops, nicolae_shop_waterfront, first_ration,
          uniq_ijyb

Skill      XL: |  1  2  3  4  5  6  7 |
---------------+----------------------+-----
Spellcasting   | 4 5 |  5.0
Fire Magic     | 4 5 |  5.0
Conjurations   | 3 |  3.0
Hexes          | 4 |  4.1
Stealth        | 3 |  3.3
Fighting       | 2 |  2.9
Evocations     | 3 |  3.8
Armour         | 2 |  2.1
Dodging        | |  2.4

Action                   |  1- 3 |  4- 6 |  7- 9 || total
-------------------------+-------+-------+-------++-------
Melee: Unarmed           |    12 |       |       ||    12
       Flail             |       |     4 |       ||     4
       Short sword       |       |     9 |     9 ||    18
 Cast: Flame Tongue      |    51 |    83 |    20 ||   154
       Conjure Flame     |       |       |     1 ||     1
Evoke: Wand              |       |    38 |    14 ||    52
  Use: Scroll            |     3 |     7 |     1 ||    11
 Stab: Sleeping          |       |     1 |       ||     1
  Eat: Chunk             |     1 |     4 |       ||     5
       Ration            |       |     1 |       ||     1
Armor: Robe              |     2 |    27 |     2 ||    31
Dodge: Dodged            |     9 |    37 |     8 ||    54

Table legend:
 A = Spawn XP
 B = Non-spawn XP
 C = Spawn XP percentage of total XP
 D = Spawn monster count
 E = Non-spawn monster count
 F = Spawn count percentage of total count
 G = Total turns spent on level
                    A         B        C        D         E        F      G
               +---------+---------+-------+---------+---------+-------+---------
         Total |       0 |    1356 |   0.0 |       0 |      88 |   0.0 |  3428
               +---------+---------+-------+---------+---------+-------+---------
           D:1 |       0 |      28 |   0.0 |       0 |      11 |   0.0 |   793
           D:2 |       0 |      83 |   0.0 |       0 |      22 |   0.0 |   791
           D:3 |       0 |     157 |   0.0 |       0 |      34 |   0.0 |   887
           D:4 |       0 |     429 |   0.0 |       0 |      15 |   0.0 |   668
           D:5 |       0 |     659 |   0.0 |       0 |       6 |   0.0 |   289
               +---------+---------+-------+---------+---------+-------+---------
